AoeStats
← Mycorrhizal

Black Forest

510141215Analyzed
4v4 RM · 3d ago on Sep 29, 2026· 54m 13s· 8 players
Game mode
Random Map
Map size
Large (8 player)
Population
200
Speed
Normal
Resources
Standard
Victory
Conquest
Starting age
Dark Age
Ending age
Imperial Age
RankedLock teamsTeams togetherTeam positionsShared explorationLock speedFull tech treeHidden civsTurbo modeCheats
Victory
Defeat
🇹🇷 Italians · Türkiye
1458
+14
🇫🇷 Khmer · France
1382
+17
🇬🇧 Maya · United Kingdom
1296
+20
🇬🇧 Japanese · United Kingdom
1261
+22
🇨🇦 Berbers · Canada
1446
-20
🇨🇳 Byzantines · China
1423
-19
🇨🇱 Mongols · Chile
1412
-19
🇲🇽 Malay · Mexico
1324
-15
bao
8:37 Loom
12:21 Feudal Age
12:49 Fishing Lines
15:29 Double-Bit Axe
19:38 Castle Age
20:57 Bow Saw
21:10 Gillnets
21:17 Gold Mining
23:32 Wheelbarrow
24:52 Gold Shaft Mining
27:14 Imperial Age
25:03 Husbandry
25:14 Bloodlines
26:55 Horse Collar
28:31 Forging
28:27 Scale Barding Armor
30:48 Chain Barding Armor
31:34 Light Cavalry
32:33 Elite Battle Elephant
34:17 Iron Casting
34:20 Plate Barding Armor
34:25 Heavy Plow
37:19 Blast Furnace
38:56 Caravan
41:07 Light Cavalry
44:03 Hussar
51:03 Hand Cart
DizzyLeChuck
2:11 Loom
9:35 Feudal Age
9:41 Man-at-Arms
10:07 Arson
14:10 Double-Bit Axe
15:40 Horse Collar
16:14 Town Watch
18:14 Fletching
23:53 Castle Age
24:43 Bodkin Arrow
26:29 Bow Saw
26:20 Heavy Plow
26:30 Stone Mining
26:31 Gold Mining
27:29 Ballistics
27:58 Guard Tower
28:11 Yasama
29:50 Wheelbarrow
31:24 Fortified Wall
32:30 Hand Cart
38:34 Imperial Age
36:15 Padded Archer Armor
35:44 Elite Skirmisher
37:10 Thumb Ring
38:24 Leather Archer Armor
39:19 Bracer
40:17 Ring Archer Armor
41:09 Chemistry
41:54 Arrowslits
46:18 Keep
46:37 Treadmill Crane
47:07 Masonry
48:02 Two-Man Saw
47:45 Conscription
48:21 Kataparuto
48:23 Conscription
49:16 Murder Holes
50:43 Caravan
52:36 Siege Engineers
Sir Dancealot
6:04 Loom
8:58 Feudal Age
9:59 Double-Bit Axe
11:55 Fletching
14:48 Horse Collar
20:00 Castle Age
21:25 Bow Saw
21:51 Gold Mining
23:57 Bodkin Arrow
24:51 Ballistics
25:02 Heavy Plow
25:10 Padded Archer Armor
26:55 Padded Archer Armor
27:09 Stone Mining
32:02 Wheelbarrow
34:34 Silk Road
34:55 Masonry
35:09 Caravan
36:53 Hand Cart
36:30 Town Watch
39:52 Imperial Age
38:30 Hand Cart
39:13 Leather Archer Armor
40:57 Bracer
41:29 Ring Archer Armor
42:18 Two-Man Saw
42:40 Chemistry
42:42 Thumb Ring
44:39 Architecture
45:28 Conscription
46:09 Coinage
45:29 Elite Genoese Crossbowman
47:42 Hoardings
46:58 Treadmill Crane
47:14 Murder Holes
AoR | StubbyTheAngryBeaver
0:34 Loom
11:41 Feudal Age
16:22 Castle Age
14:35 Double-Bit Axe
16:30 Eagle Warrior
18:07 Scale Mail Armor
19:15 Chain Mail Armor
21:38 Squires
21:24 Arson
25:26 Forging
32:14 Stone Mining
32:57 Gold Mining
33:46 Stone Shaft Mining
33:55 Iron Casting
34:15 Wheelbarrow
36:51 Imperial Age
35:56 Horse Collar
36:31 Bow Saw
37:18 Elite Eagle Warrior
40:24 Holcans
41:30 Conscription
43:38 Hand Cart
46:06 Plate Mail Armor
46:42 Blast Furnace
47:06 Capped Ram
48:06 Masonry
48:33 Siege Ram
Mr.Galleta
1:41 Loom
12:02 Feudal Age
12:49 Double-Bit Axe
15:39 Wheelbarrow
21:25 Town Watch
25:42 Castle Age
24:39 Forging
24:21 Fletching
38:35 Squires
39:35 Man-at-Arms
40:31 Long Swordsman
45:32 Imperial Age
44:09 Forging
45:58 Conscription
46:52 Pikeman
51:09 Bow Saw
50:45 Two-Handed Swordsman
51:45 Horse Collar
54:23 Chemistry
53:36 Heavy Plow
54:32 Forced Levy
Mycorrhizal
10:44 Feudal Age
15:08 Castle Age
14:00 Stone Mining
15:03 Fishing Lines
15:45 Double-Bit Axe
17:27 Bow Saw
22:31 Fletching
24:20 Horse Collar
26:03 Bodkin Arrow
26:09 Loom
27:01 Wheelbarrow
29:36 Padded Archer Armor
32:19 Imperial Age
31:28 Leather Archer Armor
33:10 Bracer
33:52 Ballistics
34:19 Coinage
34:21 Conscription
35:12 Chemistry
34:53 Elite Camel Archer
36:13 Maghrebi Camels
36:15 Kasbah
37:01 Ring Archer Armor
36:43 Gold Mining
37:13 Hand Cart
39:41 Gold Shaft Mining
39:13 Thumb Ring
39:49 Bloodlines
39:41 Husbandry
41:04 Masonry
45:29 Banking
53:43 Scale Mail Armor
53:08 Elite Skirmisher
53:36 Pikeman
54:37 Squires
_Mewtwo
9:29 Feudal Age
11:10 Double-Bit Axe
13:32 Castle Age
11:22 Horse Collar
12:40 Loom
14:23 Bow Saw
22:53 Wheelbarrow
27:10 Imperial Age
25:28 Hand Cart
25:27 Heavy Plow
25:43 Fletching
26:15 Ballistics
26:38 Bodkin Arrow
27:54 Bracer
28:57 Chemistry
29:54 Bloodlines
30:53 Heavy Cavalry Archer
32:03 Parthian Tactics
31:46 Thumb Ring
32:13 Husbandry
33:04 Capped Ram
34:07 Drill
34:08 Conscription
35:46 Siege Ram
37:26 Man-at-Arms
38:58 Scale Mail Armor
39:10 Long Swordsman
39:44 Two-Handed Swordsman
40:42 Chain Mail Armor
40:28 Padded Archer Armor
40:33 Champion
41:13 Heavy Scorpion
42:47 Town Watch
43:06 Caravan
43:12 Onager
43:59 Elite Mangudai
45:40 Leather Archer Armor
47:36 Siege Engineers
51:58 Scale Barding Armor
52:08 Forging
51:23 Light Cavalry
52:39 Hussar
我不吃牛肉
0:32 Loom
12:35 Feudal Age
21:37 Castle Age
19:36 Double-Bit Axe
19:57 Stone Mining
27:37 Pikeman
29:06 Forging
30:58 Fortified Wall
33:52 Imperial Age
31:55 Gambesons
33:10 Forging
33:53 Wheelbarrow
33:33 Bow Saw
35:01 Iron Casting
33:55 Halberdier
35:05 Fishing Lines
35:58 Scale Mail Armor
37:08 Chain Mail Armor
37:08 Fletching
37:50 Gillnets
38:48 Plate Mail Armor
39:06 Squires
41:21 Bodkin Arrow
41:29 Padded Archer Armor
42:11 Elite Skirmisher
44:09 Bracer
44:27 Leather Archer Armor
44:51 Gold Mining
46:04 Two-Man Saw
45:38 Hand Cart
47:02 Chemistry
53:59 Ring Archer Armor
Connection lost

Rejoining the realm…

Still unreachable

The connection could not be restored.

Session expired

The server has moved on; the page needs a fresh start.